 Dungeon Crawl Stone Soup version 0.23-a0-584-g44dd78f (webtiles) character file.

156 Eeyore the Insei (level 5, 0/33 HPs)
             Began as an Octopode Transmuter on Dec 17, 2018.
             Was a Follower of Dithmenos.
             Slain by Sigmund
             ... wielding a +4 scythe of freezing
              (12 damage)
             ... on level 4 of the Dungeon.
             The game lasted 00:15:45 (3833 turns).

Eeyore the Insei (Octopode Transmuter)              Turns: 3833, Time: 00:15:46

Health: 0/33       AC:  2    Str: 10    XL:     5   Next: 38%
Magic:  4/9        EV: 20    Int: 15    God:    Dithmenos [*.....]
Gold:   59         SH:  0    Dex: 18    Spells: 3/9 levels left

rFire    . . .     SeeInvis .     - Unarmed
rCold    . . .     Gourm    .   (shield currently unavailable)
rNeg     . . .     Faith    .   (helmet currently unavailable)
rPois    x         Spirit   .   (no amulet)
rElec    .         Reflect  .   (no ring)
rCorr    .         Harm     .   (no ring)
MR       .....                  (no ring)
Stlth    ++........             (no ring)
HPRegen  0.11/turn              (no ring)
MPRegen  0.11/turn              (no ring)
                                (no ring)
                                (no ring)

@: spider-form (expiring), very slightly contaminated, wreathed by umbra
A: tiny, almost no armour, stealthy swim, (amphibious), 8 rings, (constrict 8)
a: End Transformation, Renounce Religion


You were on level 4 of the Dungeon.
You worshipped Dithmenos.
Dithmenos was aware of your devotion.
You were not hungry.
You were a venomous arachnid creature.
You visited 1 branch of the dungeon, and saw 4 of its levels.

You collected 59 gold pieces.

Inventory:

Missiles
 a - 28 arrows
 e - 48 stones (quivered)
Jewellery
 f - an uncursed ring of fire
Wands
 p - a wand of clouds (3)
Scrolls
 d - 4 scrolls of teleportation {unknown}
 j - a scroll of amnesia {unknown}
 k - 2 scrolls of noise {unknown}
 l - a scroll of fog {unknown}
 n - a scroll of remove curse {unknown}
 o - a scroll of enchant weapon {unknown}
Potions
 b - a potion of berserk rage {unknown}
 g - 2 potions of lignification {unknown}
 h - 2 potions of curing {unknown}
 i - a potion of ambrosia {unknown}
Comestibles
 c - 2 rations
 m - a chunk of flesh


   Skills:
 + Level 1.2 Fighting
 + Level 2.5 Dodging
 - Level 1.0 Stealth
 + Level 4.1 Unarmed Combat
 + Level 2.8 Spellcasting
 + Level 2.6 Transmutations
 * Level 2.0 Poison Magic


You had 3 spell levels left.
You knew the following spells:

 Your Spells              Type           Power        Failure   Level  Hunger
a - Beastly Appendage     Tmut           ##....       19%         1    #......
b - Sticks to Snakes      Tmut           ##......     26%         2    ##.....
c - Spider Form           Tmut/Pois      #.........   45%         3    ###....

Your spell library contained the following spells:

 Spells                   Type           Power        Failure   Level  Hunger
 Ice Form                 Ice/Tmut       #.......     89%         4    #####..
 Blade Hands              Tmut           ##........   96%         5    ######.


Dungeon Overview and Level Annotations

Branches:
Dungeon (4/15)
 Temple: D:4-7

Altars:
Dithmenos
Gozag
Hepliaklqana
Nemelex Xobeh
Uskayaw
Xom

Annotations:
D:2 exclusion: downstairs
D:4 Sigmund


Innate Abilities, Weirdness & Mutations

You cannot wear most types of armour.
You are very stealthy in the water. (Stealth+)
((You are amphibious.))
You can wear up to eight rings at the same time.
((You can use your tentacles to constrict eight enemies at once.))
((Your skin changes colour to match your surroundings (Stealth+).))
((Your rubbery body absorbs attacks. (AC +1, EV +1)))


Message History

Sigmund hits you with a +4 scythe of freezing!
Sigmund freezes you!
You hit Sigmund but do no damage.
Sigmund is poisoned.
You hear the slow rusting of a very distant drain.
You hit Sigmund.
Sigmund looks as sick as possible!
Sigmund is lightly wounded.
Sigmund completely misses you.
You hit Sigmund.
Sigmund looks as sick as possible!
Sigmund is moderately wounded.
A giant cockroach comes into view.
Okay, then.
Okay, then.
Evoke which item? (* to show all) (? for menu, Esc to quit)
Aiming: Cloud Cone
Press: ? - help, Dir - move target cursor, f - Sigmund
Aim: Sigmund, wielding a +4 scythe of freezing and wearing a +0 robe (heavily You create a blast of noxious fumes!
Sigmund is engulfed in noxious fumes.
Sigmund appears confused.
Sigmund hits you with a +4 scythe of freezing!
You die...

#.####
#######.#
#.......#
#.#######
#.# #.#
#.# #.#
#s# #@#
#§# s§#
###


You could see Sigmund (confused) and a giant cockroach.

Vanquished Creatures
  An orc wizard (D:3)
  3 adders
  An ooze (D:2)
  4 worms (D:2)
  A dart slug (D:2)
  3 leopard geckos
  8 orcs (D:3)
  A giant cockroach (D:1)
  6 goblins
  12 hobgoblins
  8 jackals
  2 quokkas
  8 bats
  5 frilled lizards
  5 kobolds
  7 rats
75 creatures vanquished.

Notes
Turn   | Place    | Note
-------+----------+-------------------------------------------
     0 | D:1      | Eeyore the Octopode Transmuter began the quest for the Orb.
     0 | D:1      | Reached XP level 1. HP: 13/13 MP: 3/3
   335 | D:1      | Reached XP level 2. HP: 18/18 MP: 3/5
   339 | D:1      | Learned a level 2 spell: Sticks to Snakes
   938 | D:2      | Reached XP level 3. HP: 22/23 MP: 4/6
  1065 | D:2      | Learned a level 3 spell: Spider Form
  1614 | D:2      | Reached skill level 1 in Stealth
  1614 | D:2      | Reached XP level 4. HP: 17/28 MP: 5/7
  1737 | D:2      | Reached skill level 1 in Poison Magic
  1990 | D:2      | Found a shadowy altar of Dithmenos.
  2075 | D:2      | Became a worshipper of Dithmenos the Shadowed
  2533 | D:2      | Found a hide-covered altar of Uskayaw.
  2957 | D:3      | Found an opulent altar of Gozag.
  2957 | D:3      | Found a sparkling altar of Nemelex Xobeh.
  3260 | D:3      | Reached * piety under Dithmenos
  3260 | D:3      | Reached skill level 4 in Unarmed Combat
  3260 | D:3      | Reached XP level 5. HP: 33/33 MP: 7/9
  3665 | D:3      | Found a hazy altar of Hepliaklqana.
  3677 | D:3      | Found a shimmering altar of Xom.
  3677 | D:3      | Noticed a tentacled monstrosity
  3678 | D:3      | Noticed a tentacled monstrosity
  3678 | D:3      | Noticed a spectral ugly thing
  3822 | D:4      | Noticed Sigmund
  3833 | D:4      | Slain by Sigmund

Vault maps used:
D:1:      nzn_arrival_crosshair, serial_forest, infiniplex_forest_zigzag_1,
          infiniplex_forest_clump_small, infiniplex_forest_clump_small,
          infiniplex_forest_clump_curved, infiniplex_forest_straight_3,
          infiniplex_forest_zigzag_1, infiniplex_forest_clump_tiny,
          infiniplex_forest_end_2, infiniplex_forest_lined_2
D:2:      grunt_dithmenos_smoke, marbit_many_paths, first_ration,
          minmay_misc_feat_cross, st_stairs_9, minmay_misc_feat_columns
D:3:      regret_index_temple_of_mockery, grunt_temple_overflow_opulence
D:4:      minmay_polygon_palace, cheibrodos_sewer_entry_bend, uniq_duvessa,
          uniq_sigmund, uniq_grinder

Skill      XL: |  1  2  3  4  5 |
---------------+----------------+-----
Stealth        | 1 |  1.0
Poison Magic   | 1 2 |  2.0
Unarmed Combat | 4 |  4.1
Fighting       | |  1.2
Dodging        | |  2.5
Spellcasting   | |  2.8
Transmutations | |  2.6

Action                   |  1- 3 |  4- 6 || total
-------------------------+-------+-------++-------
Melee: Unarmed           |    73 |   104 ||   177
       Constrict         |    23 |    28 ||    51
       Kick              |    16 |    27 ||    43
       Tentacles         |    11 |    11 ||    22
       Punch             |     2 |     2 ||     4
 Cast: Beastly Appendage |    21 |    24 ||    45
       Spider Form       |       |     2 ||     2
Evoke: Wand              |       |     1 ||     1
 Stab: Sleeping          |     5 |     6 ||    11
  Eat: Chunk             |     2 |     8 ||    10
Armor: Skin              |     7 |     5 ||    12
Dodge: Dodged            |    38 |    57 ||    95

Table legend:
 A = Non-vault XP
 B = Vault XP
 C = Vault XP percentage of total XP
 D = Non-vault monster count
 E = Vault monster count
 F = Vault count percentage of total count
                 A         B        C        D         E       F
            +---------+---------+-------+---------+---------+-------
      Total |     207 |      17 |   7.6 |      71 |       4 |   5.3
            +---------+---------+-------+---------+---------+-------
        D:1 |      33 |       0 |   0.0 |      18 |       0 |   0.0
        D:2 |      78 |      17 |  17.9 |      27 |       4 |  12.9
        D:3 |      96 |       0 |   0.0 |      26 |       0 |   0.0
            +---------+---------+-------+---------+---------+-------
